 Dungeon Crawl Stone Soup version 0.22-a0-538-g76cc104 (webtiles) character file.

384 iamserjio the Covert (level 6, -3/51 HPs)
             Began as a Gnoll Assassin on June 23, 2018.
             Shot with an arrow by a centaur (9 damage)
             ... on level 5 of the Dungeon.
             The game lasted 00:07:43 (635 turns).

iamserjio the Covert (Gnoll Assassin)                Turns: 635, Time: 00:07:43

Health: -3/51      AC:  6    Str: 13    XL:     6   Next: 77%
Magic:  9/9        EV: 14    Int: 16    God:
Gold:   39         SH:  0    Dex: 16    Spells: 9/9 levels left

rFire    . . .     SeeInvis .   a - +2 dagger
rCold    . . .     Gourm    .   (no shield)
rNeg     . . .     Faith    .   p - +0 robe (curse)
rPois    .         Spirit   .   (no helmet)
rElec    .         Reflect  .   d - +0 cloak
rCorr    .         Harm     .   (no gloves)
MR       .....                  o - +2 pair of boots
Stlth    ++++......             (no amulet)
HPRegen  0.17/turn              (no ring)
MPRegen  0.11/turn              (no ring)

@: no status effects
A: distributed training, fangs 1, strong nose
a: no special abilities


You were on level 5 of the Dungeon.
You were not hungry.

You visited 1 branch of the dungeon, and saw 5 of its levels.

You collected 102 gold pieces.
You spent 63 gold pieces at shops.

Inventory:

Hand Weapons
 a - a +2 dagger (weapon)
 b - a +0 blowgun
 m - a +0 war axe
Missiles
 e - 8 poisoned needles
 f - 2 curare-tipped needles {!f}
Armour
 c - a +0 robe
 d - a +0 cloak (worn)
 k - a +0 pair of gloves
 l - a +0 ring mail
 o - a +2 pair of boots (worn)
 p - a cursed +0 robe (worn)
Wands
 j - a wand of enslavement (9)
Scrolls
 h - a scroll of remove curse {unknown}
 i - a scroll of amnesia {unknown}
 n - a scroll of fear {unknown}
 q - a scroll of blinking {unknown}
 r - a scroll of identify {unknown}
 s - a scroll of noise {unknown}
Comestibles
 g - 6 rations


   Skills:
 + Level 5.0 Fighting
 + Level 5.0 Short Blades
 + Level 2.0 Long Blades
 + Level 2.0 Axes
 + Level 2.0 Maces & Flails
 + Level 2.0 Polearms
 + Level 2.0 Staves
 + Level 2.0 Slings
 + Level 2.0 Bows
 + Level 2.0 Crossbows
 + Level 5.0 Throwing
 + Level 2.0 Armour
 + Level 3.3 Dodging
 + Level 8.0 Stealth
 + Level 2.0 Shields
 + Level 2.0 Unarmed Combat
 + Level 2.0 Spellcasting
 + Level 1.6 Conjurations
 + Level 1.6 Hexes
 + Level 1.6 Charms
 + Level 1.6 Summonings
 + Level 1.6 Necromancy
 + Level 1.6 Translocations
 + Level 1.6 Transmutations
 + Level 1.6 Fire Magic
 + Level 1.6 Ice Magic
 + Level 1.6 Air Magic
 + Level 1.6 Earth Magic
 + Level 1.6 Poison Magic
 + Level 2.2 Invocations
 + Level 2.0 Evocations


You had 9 spell levels left.
You didn't know any spells.
Your spell library contained the following spells:

 Spells                   Type           Power        Failure   Level  Hunger
 Spider Form              Tmut/Pois      #.........   32%         3    ###....
 Blade Hands              Tmut           #.........   96%         5    ######.
 Ice Form                 Ice/Tmut       #.......     71%         4    #####..
 Sticks to Snakes         Tmut           #.......     16%         2    ###....
 Beastly Appendage        Tmut           #.....       11%         1    #......


Dungeon Overview and Level Annotations

Branches:
Dungeon (5/15)
 Temple: D:4-7

Altars:

Shops:
D:4 [


Innate Abilities, Weirdness & Mutations

Your experience applies equally to all skills.
You have very sharp teeth.
Your uncanny sense of smell can sniff out nearby items.


Message History

Unknown command.
Found 10 gold pieces.
You now have 39 gold pieces (gained 10).
A centaur comes into view.
The centaur shouts!
The centaur wields a glowing shortbow.
The centaur shoots an arrow.
The arrow hits you.
* * * LOW HITPOINT WARNING * * *
Found 22 arrows.
A worm comes into view.
The centaur shoots an arrow.
The arrow barely misses you.
The centaur shoots an arrow.
The arrow hits you!
* * * LOW HITPOINT WARNING * * *
You see here an arrow.
Okay, then.
You aren't carrying any potions.
Unknown command.
The centaur shoots an arrow.
The arrow barely misses you.
The centaur shoots an arrow.
The arrow hits you!
You die...

# # ## .# #+ ##.. ## .###..#
.## ..### (. .....###.. ..#..
.# #.##.....# #.#.# #### .##
#.# #..# #.#.# #.. ..
#.#####.#####.#.# #.# .# ##
#..........#....###(###.#...#
#.########......@......c..#
#.# #........(#.##.....w. #.#
####.#####.## #.#c#.# #.# #.#
### #...# #.# #.# #.# #.# #+#
.# .. #


You could see a centaur.

Vanquished Creatures
  Menkaure (D:4)
  A sky beast (D:5)
  An ogre (D:5)
  A bullfrog zombie (D:5)
  A worker ant zombie (D:5)
  An adder (D:2)
  A gnoll (D:5)
  A leopard gecko (D:4)
  An orc (D:4)
  A hobgoblin (D:4)
  6 jackals
  A kobold (D:2)
  4 rats (D:2)
21 creatures vanquished.

Notes
Turn   | Place    | Note
-------+----------+-------------------------------------------
     0 | D:1      | iamserjio the Gnoll Assassin began the quest for the Orb.
     0 | D:1      | Reached XP level 1. HP: 20/20 MP: 1/1
    47 | D:2      | Reached XP level 2. HP: 12/26 MP: 2/2
    83 | D:2      | HP: 1/26 [jackal (2)]
   162 | D:4      | Found Icuagg's Armour Emporium.
   200 | D:4      | Bought a +0 pair of boots for 63 gold pieces
   235 | D:4      | Noticed Menkaure
   259 | D:4      | Killed Menkaure
   259 | D:4      | Reached skill level 1 in Long Blades
   259 | D:4      | Reached skill level 1 in Axes
   259 | D:4      | Reached skill level 1 in Maces & Flails
   259 | D:4      | Reached skill level 1 in Polearms
   259 | D:4      | Reached skill level 1 in Staves
   259 | D:4      | Reached skill level 1 in Slings
   259 | D:4      | Reached skill level 1 in Bows
   259 | D:4      | Reached skill level 1 in Crossbows
   259 | D:4      | Reached skill level 1 in Armour
   259 | D:4      | Reached skill level 1 in Shields
   259 | D:4      | Reached skill level 1 in Unarmed Combat
   259 | D:4      | Reached skill level 1 in Spellcasting
   259 | D:4      | Reached skill level 1 in Conjurations
   259 | D:4      | Reached skill level 1 in Hexes
   259 | D:4      | Reached skill level 1 in Charms
   259 | D:4      | Reached skill level 1 in Summonings
   259 | D:4      | Reached skill level 1 in Necromancy
   259 | D:4      | Reached skill level 1 in Translocations
   259 | D:4      | Reached skill level 1 in Transmutations
   259 | D:4      | Reached skill level 1 in Fire Magic
   259 | D:4      | Reached skill level 1 in Ice Magic
   259 | D:4      | Reached skill level 1 in Air Magic
   259 | D:4      | Reached skill level 1 in Earth Magic
   259 | D:4      | Reached skill level 1 in Poison Magic
   259 | D:4      | Reached skill level 1 in Invocations
   259 | D:4      | Reached skill level 1 in Evocations
   259 | D:4      | Reached XP level 3. HP: 9/31 MP: 2/5
   259 | D:4      | Reached XP level 4. HP: 11/38 MP: 2/6
   259 | D:4      | Reached XP level 5. HP: 13/43 MP: 2/7
   392 | D:5      | Entered Level 5 of the Dungeon
   392 | D:5      | Noticed a sky beast
   399 | D:5      | Noticed an ogre
   404 | D:5      | Killed an ogre
   404 | D:5      | Reached skill level 8 in Stealth
   425 | D:5      | Killed a sky beast
   425 | D:5      | Reached skill level 5 in Fighting
   425 | D:5      | Reached skill level 5 in Short Blades
   425 | D:5      | Reached skill level 5 in Throwing
   425 | D:5      | Reached XP level 6. HP: 10/51 MP: 8/8
   442 | D:5      | HP: 2/51 [bullfrog zombie (1)]
   635 | D:5      | Shot with an arrow by a centaur

Vault maps used:
D:1:      shiori_arrival_maze
D:2:      amethyst_overflow_temple_binary, first_ration
D:3:      chequers_ecumenical_altar_simple_redux,
          minmay_randomly_rotated_circles, uniq_jessica
D:4:      serial_shops, nicolae_shop_statue_plus, corexii_shack, uniq_menkaure
D:5:      lemuel_castle_with_subvaults, minmay_temple_entry_glassed_door,
          serial_shops, kennysheep_mini, nemelex_spade_bored_becter, uniq_pikel

Skill      XL: |  1  2  3  4  5  6 |
---------------+-------------------+-----
Long Blades    | 1 2 |  2.0
Axes           | 1 2 |  2.0
Maces & Flails | 1 2 |  2.0
Polearms       | 1 2 |  2.0
Staves         | 1 2 |  2.0
Slings         | 1 2 |  2.0
Bows           | 1 2 |  2.0
Crossbows      | 1 2 |  2.0
Armour         | 1 2 |  2.0
Shields        | 1 2 |  2.0
Unarmed Combat | 1 2 |  2.0
Spellcasting   | 1 2 |  2.0
Conjurations   | 1 |  1.6
Hexes          | 1 |  1.6
Charms         | 1 |  1.6
Summonings     | 1 |  1.6
Necromancy     | 1 |  1.6
Translocations | 1 |  1.6
Transmutations | 1 |  1.6
Fire Magic     | 1 |  1.6
Ice Magic      | 1 |  1.6
Air Magic      | 1 |  1.6
Earth Magic    | 1 |  1.6
Poison Magic   | 1 |  1.6
Invocations    | 1 2 |  2.2
Evocations     | 1 2 |  2.0
Dodging        | 3 |  3.3
Stealth        | 8 |  8.0
Fighting       | 5 |  5.0
Short Blades   | 5 |  5.0
Throwing       | 5 |  5.0

Action                   |  1- 3 |  4- 6 || total
-------------------------+-------+-------++-------
Melee: Dagger            |    40 |    84 ||   124
       Bite              |     4 |    12 ||    16
       Punch             |       |     2 ||     2
  Use: Scroll            |     2 |     1 ||     3
       Potion            |     1 |     3 ||     4
 Stab: Sleeping          |     2 |     1 ||     3
       Distracted        |       |     1 ||     1
Armor: Robe              |     2 |    17 ||    19
Dodge: Dodged            |    19 |    43 ||    62

Table legend:
 A = Spawn XP
 B = Non-spawn XP
 C = Spawn XP percentage of total XP
 D = Spawn monster count
 E = Non-spawn monster count
 F = Spawn count percentage of total count
 G = Total turns spent on level
                    A         B        C        D         E        F      G
               +---------+---------+-------+---------+---------+-------+---------
         Total |       0 |     549 |   0.0 |       0 |      21 |   0.0 |   635
               +---------+---------+-------+---------+---------+-------+---------
           D:2 |       0 |      22 |   0.0 |       0 |       7 |   0.0 |   115
           D:4 |       0 |     177 |   0.0 |       0 |       4 |   0.0 |   235
           D:5 |       0 |     350 |   0.0 |       0 |      10 |   0.0 |   241
               +---------+---------+-------+---------+---------+-------+---------
